 Dungeon Crawl Stone Soup version 0.31.0-32-g396128a36d (webtiles) character file.

Game seed: 7805366076717512658

906 Cheops the Changeling (level 8, 0/48 HPs)
             Began as an Octopode Shapeshifter on Mar 26, 2024.
             Slain by a yak (9 damage)
             ... on level 3 of the Dungeon.
             The game lasted 00:06:28 (2993 turns).

Cheops the Changeling (Octopode Shapeshifter)       Turns: 2993, Time: 00:06:29

Health: 0/48       AC:  1    Str: 15    XL:     8   Next: 8%
Magic:  8/8        EV: 17    Int: 13    God:
Gold:   220        SH:  0    Dex: 11    Spells: 7/7 levels left

rFire   . .          .
                       - Unarmed
rCold   . . .        (shield currently unavailable)
rNeg    . . .        (helmet restricted)
rPois   .            (no amulet)
rElec   .            (no ring)
rCorr   .            (no ring)
SInv    .            (no ring)
Will    .....        (no ring)
Stlth   +            (no ring)
HPRegen 0.28/turn    (no ring)
MPRegen 0.11/turn    (no ring)
                     (no ring)

%: no passive effects
@: mighty, flux-form, silenced, glowing
A: glow, contaminating, almost no armour, amphibious, 8 rings, camouflage 1,
gelatinous body 1, (nimble swimmer 1), tentacles
a: Begin Untransformation


You were on level 3 of the Dungeon.
You were something dangerously unstable.
You visited 1 branch of the dungeon, and saw 4 of its levels.

You collected 220 gold pieces.

Inventory:

Jewellery
 h - an amulet of magic regeneration
 p - a ring of ice
 u - a ring of protection from cold
Talismans
 b - a beast talisman
 c - a flux talisman (active)
 d - a blade talisman
Wands
 r - a wand of polymorph (6)
 s - a wand of flame (11)
Scrolls
 f - a scroll of fear {unknown}
 j - a scroll of amnesia {unknown}
 k - a scroll of vulnerability {unknown}
 l - a scroll of teleportation {unknown}
 m - a scroll of fog {unknown}
 q - a scroll of noise {unknown}
Potions
 g - a potion of might
 i - 2 potions of degeneration {unknown}
 n - a potion of attraction {unknown}
 o - a potion of invisibility {unknown}
 t - a potion of heal wounds {unknown}
 v - a potion of curing {unknown}


   Skills:
 - Level 1.0 Fighting
 - Level 2.0 Dodging
 - Level 5.0 Unarmed Combat
 - Level 2.0 Evocations
 + Level 7.7 Shapeshifting


You had 7 spell levels left.
You didn't know any spells.
Your spell library was empty.

Dungeon Overview and Level Annotations

Branches:
Dungeon (4/15)
 Temple: D:4-7

Altars:
Zin

Annotations:
D:3 2 transporters, tizbic2's ghost, amateur TrWr


Innate Abilities, Weirdness & Mutations

You are something dangerously unstable.
You glow with magical radiation, making you easy to see and hit.
Foes you strike become dangerously contaminated with magical radiation.
You are incapable of wielding weapons or throwing items.
You cannot wear most types of armour.
You are amphibious.
You can wear up to eight rings at the same time.
Your skin changes colour to match your surroundings (Stealth+).
Your rubbery body absorbs attacks. (AC +1, EV +1)
((You are camouflaged when in or above water. (Stealth+)))
You have tentacles for arms and can constrict up to eight enemies at once.


Message History

You tentacle-slap the yak.
The yak glows dangerously bright.
You squeeze the yak.
The yak is heavily wounded.
The yak gores you!
* * * LOW HITPOINT WARNING * * *
Unknown command.
Unknown command.
Unknown command.
Okay, then.
Okay, then.
Okay, then.
Okay, then.
Okay, then.
As you read the scroll labelled TUGEFEAJIH, it crumbles to dust.
It is a scroll of enchant armour.
You aren't carrying any armour which can be enchanted further.
The yak barely misses you.
As you read the scroll labelled LYTIDY VEAT, it crumbles to dust.
A profound silence engulfs you.
It was a scroll of silence.
The yak misses you. The yak attacks as it pursues you! The yak gores you!
* * * LOW HITPOINT WARNING * * *
Unknown command.
Unknown command.
Unknown command.
Unknown command.
The yak stops glowing.
Things that are here:
a +2 robe of cold resistance; a +0 whip of freezing; the kobold skeleton of Pikel
There is a stone staircase leading up, spattered with blood here.
You climb upwards.
Level annotation: 2 transporters, tizbic2's ghost, amateur TrWr
There is a stone staircase leading down here.
Okay, then.
It was a potion of might.
You feel very mighty all of a sudden. The yak misses you.
You completely miss the yak. Your squeeze misses the yak.
The yak is moderately wounded.
The yak gores you!
You die...

..##########
...........######################
)<#####).#......................#
### #....##########....########
###..##########.####
#....##<......# ###.....#######
#....#############
####..#...pY........#######
#####.....#############........
###.......#.###### #........
#...####....#....### ##........
..######.#..#.##...# #.........
######........####.## ##.#.......
.......##.#..#####..###..#.......
..)######.#.....###...#.#####.##.
#†## #.#.###..####...# ##..##.


You could see a yak.

Vanquished Creatures
  Pikel (D:4)
  A phantom (D:4)
  A howler monkey (D:4)
  A bombardier beetle (D:3)
  Crazy Yiuf (D:4)
  2 iguanas (D:4)
  Ijyb (D:3)
  Natasha (thrice) (D:4)
  Robin (D:4)
  3 adders
  2 dart slugs
  7 orcs
  5 bats
  4 endoplasms
  3 giant cockroaches
  11 goblins
  13 hobgoblins
  7 jackals
  5 kobolds
  2 quokkas
  6 ball pythons
  3 frilled lizards
  9 rats
92 creatures vanquished.

Notes
Turn   | Place    | Note
-------+----------+-------------------------------------------
     0 | D:1      | Cheops the Octopode Shapeshifter began the quest for the
                  | Orb.
     0 | D:1      | Reached XP level 1. HP: 13/13 MP: 1/1
   173 | D:1      | Reached XP level 2. HP: 16/18 MP: 2/2
   363 | D:1      | Reached XP level 3. HP: 20/23 MP: 3/3
  1017 | D:2      | Reached XP level 4. HP: 25/28 MP: 4/4
  1213 | D:2      | Reached skill level 5 in Unarmed Combat
  1355 | D:2      | Found a glowing silver altar of Zin.
  1650 | D:3      | Reached XP level 5. HP: 28/33 MP: 5/5
  1694 | D:3      | Noticed tizbic2's ghost (amateur TrWr)
  1698 | D:3      | Found a transporter.
  1705 | D:3      | Found a transporter.
  1916 | D:3      | Reached skill level 4 in Shapeshifting
  2090 | D:3      | Noticed Ijyb
  2100 | D:3      | Killed Ijyb
  2204 | D:4      | Noticed Pikel
  2204 | D:4      | Noticed a lemure
  2204 | D:4      | Noticed a lemure
  2205 | D:4      | Noticed a lemure
  2205 | D:4      | Noticed a lemure
  2247 | D:4      | Noticed Robin
  2286 | D:4      | Reached skill level 1 in Evocations
  2295 | D:4      | Reached XP level 6. HP: 29/38 MP: 6/6
  2333 | D:4      | Found a runed translucent door.
  2334 | D:4      | Noticed Crazy Yiuf
  2339 | D:4      | Killed Crazy Yiuf
  2416 | D:4      | Reached skill level 5 in Shapeshifting
  2424 | D:4      | Killed Robin
  2569 | D:4      | Noticed Natasha
  2720 | D:4      | Killed Natasha
  2745 | D:4      | Noticed Natasha
  2751 | D:4      | Killed Pikel
  2752 | D:4      | Reached skill level 7 in Shapeshifting
  2752 | D:4      | Reached XP level 7. HP: 3/43 MP: 7/7
  2752 | D:4      | Reached XP level 8. HP: 3/48 MP: 8/8
  2919 | D:4      | Killed Natasha
  2943 | D:4      | Noticed Natasha
  2950 | D:4      | Killed Natasha
  2962 | D:4      | Noticed a yak
  2964 | D:4      | Noticed a yak
  2967 | D:4      | Noticed a yak
  2969 | D:4      | Noticed a yak
  2969 | D:4      | Noticed a yak
  2993 | D:3      | Slain by a yak

Illustrated notes

Levels and vault maps discovered:
D:1:      lightli_arrival_statuegarden, layout_basic,
          nicolae_concentric_dashed_squares_mild, minmay_cupped
D:2:      layout_loops_ring, basic_altar, kennysheep_generic_room_11
D:3:      layout_rooms, gammafunk_ghost_arena, grunt_decor_clamped, uniq_ijyb
D:4:      layout_cave_pools, uniq_pikel, uniq_crazy_yiuf_cottage, uniq_robin,
          uniq_natasha

Skill      XL: |  1  2  3  4  5  6 |
---------------+-------------------+-----
Unarmed Combat | 4 5 |  5.0
Shapeshifting  | 4 7 |  7.7
Evocations     | 1 2 |  2.0
Fighting       | |  1.0
Dodging        | |  2.0

Action                     |  1- 3 |  4- 6 |  7- 9 || total
---------------------------+-------+-------+-------++-------
  Melee: Unarmed           |    71 |   110 |    15 ||   196
         Constrict         |    25 |    21 |     3 ||    49
         Tentacles         |    14 |    22 |     5 ||    41
         Punch             |     3 |     3 |       ||     6
    Use: Potion            |       |     1 |     1 ||     2
         Scroll            |       |       |     2 ||     2
   Stab: Sleeping          |     8 |     3 |       ||    11
 Armour: Skin              |    27 |    81 |     6 ||   114
  Dodge: Dodged            |    43 |    49 |    14 ||   106
   Form: Flux              |       |     3 |       ||     3
         Beast             |       |     2 |       ||     2
         Blade             |       |     1 |       ||     1
                           |       |     1 |       ||     1
